 Dungeon Crawl Stone Soup version 0.24-a0-618-ge4662a2d14 (webtiles) character file.

Game seed: 9264278983031069217, levelgen mode: deterministic

217 GameOver the Sneak (level 5, -1/34 HPs)
             Began as an Octopode Wizard on Sept 16, 2019.
             Slain by a wight
             ... wielding a cursed +4 spear
              (7 damage)
             ... on level 3 of the Dungeon.
             The game lasted 00:17:41 (2581 turns).

GameOver the Sneak (Octopode Wizard)                Turns: 2581, Time: 00:17:42

Health: -1/34      AC:  1    Str:  6 (7)  XL:     5   Next: 94%
Magic:  7/18       EV: 13    Int: 18 (21) God:
Gold:   130        SH:  0    Dex:  9 (10) Spells: 1/10 levels left

rFire    . . .     SeeInvis .   f - +0 trident
rCold    . . .     Gourm    .   (no shield)
rNeg     . . .     Faith    .   a - +0 hat
rPois    .         Spirit   .   (no amulet)
rElec    .         Reflect  .   j - ring of magical power
rCorr    .         Harm     .   (no ring)
MR       .....     Clarity  +   (no ring)
Stlth    +++.......             (no ring)
HPRegen  0.11/turn              (no ring)
MPRegen  0.16/turn              (no ring)
                                (no ring)
                                (no ring)

@: lightly drained
A: almost no armour, stealthy swim, amphibious, 8 rings, constrict 8, tentacle
spike 1, camouflage 1, clarity, robust 1, gelatinous body 1
a: no special abilities


You were on level 3 of the Dungeon.
You were very hungry.

You visited 1 branch of the dungeon, and saw 3 of its levels.

You collected 130 gold pieces.

Inventory:

Hand Weapons
 b - a +0 hand axe
 f - a +0 trident (weapon)
 g - a +0 short sword
Missiles
 d - 37 arrows
 h - 19 sling bullets
Armour
 a - a +0 hat (worn)
Jewellery
 j - a ring of magical power (left tentacle)
Scrolls
 e - a scroll of enchant weapon {unknown}
 i - a scroll of identify {unknown}
 k - 2 scrolls of teleportation {unknown}
 n - a scroll of blinking {unknown}
 o - a scroll of enchant armour {unknown}
 r - 2 scrolls of remove curse {unknown}
Potions
 m - a potion of curing
Comestibles
 c - 5 rations


   Skills:
 + Level 0.9(0.6) Polearms
 - Level 2.0(1.6) Dodging
 + Level 5.1(4.7) Stealth
 - Level 3.0(2.6) Spellcasting
 * Level 4.1(3.7) Conjurations
   Level 1.0(0.7) Summonings
 - Level 1.0(0.7) Translocations
 * Level 2.0(1.7) Poison Magic


You had one spell level left.
You knew the following spells:

 Your Spells              Type           Power        Failure   Level  Hunger
a - Magic Dart            Conj           ###.         3%          1    #......
b - Blink                 Tloc           N/A          19%         2    ##.....
d - Mephitic Cloud        Conj/Pois/Air  #.......     24%         3    ###....
f - Conjure Flame         Conj/Fire      #.......     24%         3    ###....

Your spell library contained the following spells:

 Spells                   Type           Power        Failure   Level  Hunger
 Call Imp                 Summ           #.......     19%         2    ##.....
 Slow                     Hex            #.......     26%         2    ##.....


Dungeon Overview and Level Annotations

Branches:
Dungeon (3/15)

Altars:
Sif Muna


Innate Abilities, Weirdness & Mutations

You cannot wear most types of armour.
You are very stealthy in the water. (Stealth+)
You are amphibious.
You can wear up to eight rings at the same time.
You can use your tentacles to constrict eight enemies at once.
Your skin changes colour to match your surroundings (Stealth+).
Your rubbery body absorbs attacks. (AC +1, EV +1)
One of your tentacles bears a spike.
You possess an exceptional clarity of mind.
You are robust. (+10% HP)


Message History

You constrict the wight, but do no damage.
The wight hits you with a cursed +4 spear!
Casting: Magic Dart (safe; 3% risk of failure)
Confirm with . or Enter, or press ? or * to list all spells.
Aiming: Magic Dart (safe; 3% risk of failure)
Press: ? - help, Shift-Dir - straight line, f/p - wight
Aim: a wight, wielding a +4 spear and wearing a +0 robe (lightly damaged, constricted by you)
The magic dart hits the wight.
The wight is heavily damaged.
You constrict the wight.
The wight hits you with a cursed +4 spear!
* * * LOW HITPOINT WARNING * * *
It was a potion of cancellation.
You feel magically purged.
You constrict the wight, but do no damage.
You are feeling very hungry.
The wight hits you with a cursed +4 spear!
* * * LOW HITPOINT WARNING * * *
You feel better.
You constrict the wight.
The wight hits you with a cursed +4 spear!
You die...

#.#...#####.#####.####.##..#
#.#.................(#.##..#
#.....#####.#####..........#
####.######.# ##.##.#.##.##
###........# #..##.#.##.#
#...#####..# #..##.#.##.# #.#.#
#..####.....#.##.#######
#.#.#####..(..........##>......#
#.........#####@.#############.#
#.##.###### #.z# #.#
##.##.###### #..# #.#
#..........# #..# #.#
#..##.####.# #..# #.# #.รท##.#
#.# #..########## #.# #..##>#
#.# #...........# #.# #..##.#
#.# ##..########.# #.# #.....#
#.# #...# #.####.#


You could see a wight.

Vanquished Creatures
  A wight (D:2)
  10 adders
  2 oozes
  3 worms (D:3)
  2 dart slugs (D:1)
  2 orcs (D:3)
  4 giant cockroaches
  6 goblins
  6 hobgoblins
  2 jackals (D:2)
  8 kobolds
  2 quokkas (D:3)
  8 bats
  2 frilled lizards
  10 rats
68 creatures vanquished.

Vanquished Creatures (others)
  A dart slug (D:2)
  A frilled lizard (D:2)
2 creatures vanquished.

Grand Total: 70 creatures vanquished

Notes
Turn   | Place    | Note
-------+----------+-------------------------------------------
     0 | D:1      | GameOver the Octopode Wizard began the quest for the Orb.
     0 | D:1      | Reached XP level 1. HP: 11/11 MP: 4/4
   207 | D:1      | Reached XP level 2. HP: 17/17 MP: 0/6
   485 | D:1      | Reached skill level 3 in Stealth
   557 | D:1      | Reached XP level 3. HP: 17/21 MP: 1/7
   568 | D:1      | Learned a level 2 spell: Blink
   572 | D:1      | Learned a level 3 spell: Mephitic Cloud
   941 | D:2      | Reached skill level 4 in Stealth
   941 | D:2      | Reached XP level 4. HP: 27/27 MP: 2/8
  1226 | D:2      | Gained mutation: You possess an exceptional clarity of
                  | mind. [potion of mutation]
  1226 | D:2      | Gained mutation: One of your tentacles bears a spike.
                  | [potion of mutation]
  1226 | D:2      | Gained mutation: You are robust. (+10% HP) [potion of
                  | mutation]
  1247 | D:2      | Found a shimmering blue altar of Sif Muna.
  1367 | D:2      | Learned a level 3 spell: Conjure Flame
  1433 | D:3      | Reached XP level 5. HP: 26/34 MP: 5/9
  1672 | D:3      | Reached skill level 1 in Poison Magic
  2517 | D:2      | Reached skill level 5 in Stealth
  2580 | D:3      | HP: 1/34 [wight/cursed +4 spear (9)]
  2581 | D:3      | Slain by a wight

Levels and vault maps discovered:
D:1:      minmay_arrival_four_circles, layout_basic
D:2:      layout_loops_ring, led_sif_pool, lemuel_old_faithful
D:3:      layout_loops_ring

Skill      XL: |  1  2  3  4  5 |
---------------+----------------+-----
Conjurations   | 2 3 4 |  4.1
Stealth        | 3 4 5 |  5.1
Poison Magic   | 2 |  2.0
Polearms       | |  0.9
Dodging        | |  2.0
Spellcasting   | |  3.0
Summonings     | |  1.0
Translocations | |  1.0

Action                   |  1- 3 |  4- 6 || total
-------------------------+-------+-------++-------
Melee: Short sword       |    13 |    22 ||    35
       Constrict         |     6 |     8 ||    14
       Tentacles         |     3 |     1 ||     4
       Trident           |       |    66 ||    66
       Kick              |       |     3 ||     3
 Cast: Magic Dart        |    58 |    90 ||   148
       Conjure Flame     |       |     7 ||     7
       Blink             |       |     1 ||     1
  Use: Potion            |       |     7 ||     7
 Stab: Sleeping          |     2 |     5 ||     7
  Eat: Chunk             |       |     5 ||     5
Armor: Skin              |       |     4 ||     4
Dodge: Dodged            |    13 |    39 ||    52

Table legend:
 A = Non-vault XP
 B = Vault XP
 C = Vault XP percentage of total XP
 D = Non-vault monster count
 E = Vault monster count
 F = Vault count percentage of total count
                 A         B        C        D         E       F
            +---------+---------+-------+---------+---------+-------
      Total |     311 |       0 |   0.0 |      68 |       0 |   0.0
            +---------+---------+-------+---------+---------+-------
        D:1 |      41 |       0 |   0.0 |      20 |       0 |   0.0
        D:2 |     169 |       0 |   0.0 |      25 |       0 |   0.0
        D:3 |     101 |       0 |   0.0 |      23 |       0 |   0.0
            +---------+---------+-------+---------+---------+-------
